Map: Abyssal Reef LE

Players

Juxtapose - Winner!

  • Race: Protoss Protoss
  • Spawn Location: 5:00

A.I. 1 (Elite)

  • Race: Terran Terran
  • Spawn Location: 11:00

VOD

https://youtu.be/wEw-S8gsDEs

Description

After my first defeat against the Elite AI, I decided to give it one more whirl for the evening, and this time I performed much stronger.

I've noticed the AI tends to attack around the seven and a half to eight minute mark, so I lead my forces out before that and we ended up in a base race.

While I could have used Mass Recall to return and defend, I instead decided to press and take my chances.

Time

  • Played on: July 7, 2017, 11:03 p.m.
  • Length: 11:44
Show
View Real Time Build Order
Export as new Build Order

Juxtapose Protoss - Winner!

Build Orders:  

Get SALT Encoding   

  12  0:01  Probe (Chrono Boost)  
  13  0:12  Probe (Chrono Boost)  
  14  0:23  Pylon  
  14  0:24  Probe (Chrono Boost)  
  15  0:42  Probe (Chrono Boost)  
  16  0:47  Gateway  
  16  0:52  Probe (Chrono Boost)  
  16  0:55  Assimilator  
  17  1:03  Probe (Chrono Boost)  
  18  1:13  Probe (Chrono Boost)  
  19  1:18  Pylon  
  19  1:24  Probe (Chrono Boost)  
  20  1:44  Zealot  
  22  1:50  Cybernetics Core  
  22  1:51  Probe (Chrono Boost)  
  23  1:54  Assimilator  
  23  2:01  Probe (Chrono Boost)  
  23  2:07  Pylon  
  24  2:12  Probe (Chrono Boost)  
  26  2:35  Warp Gate (Chrono Boost)  
  26  2:37  Adept  
  27  2:45  Pylon  
  27  2:46  Mothership Core  
  29  2:51  Twilight Council  
  29  3:03  Gateway  
  29  3:04  Gateway  
  29  3:05  Gateway  
  29  3:35  Sentry  
  29  3:38  Resonating Glaives  
  31  3:46  Robotics Facility  
  30  3:51  Forge  
  30  4:06  Nexus  
  30  4:11  Pylon  
  30  4:14  Pylon  
  30  4:34  Observer  
  30  4:38  Adept x3  
  35  4:39  Adept  
  40  4:52  Probe  
  40  5:04  Immortal  
  44  5:09  Protoss Ground Weapons Level 1 (Chrono Boost)  
  44  5:12  Sentry  
  46  5:16  Adept  
  46  5:20  Probe  
  48  5:21  Probe  
  50  5:43  Probe  
  50  5:44  Probe  
  52  5:58  Immortal  
  56  6:06  Stalker  
  56  6:09  Probe  
  56  6:11  Probe  
  59  6:38  Stalker x2, Immortal  
  67  6:44  Probe  
  67  6:45  Probe  
  69  6:55  Zealot x2  
  69  6:57  Probe  
  69  6:59  Charge  
  74  7:17  Observer  
  75  7:23  Pylon  
  75  7:29  Assimilator  
  75  7:32  Assimilator, Zealot  
  77  7:46  Immortal  
  77  7:48  Probe  
  77  7:50  Probe  
  83  7:54  Pylon  
  83  7:56  Pylon  
  83  7:59  Probe  
  83  8:02  Probe  
  85  8:15  Probe  
  85  8:16  Probe  
  87  8:20  Zealot x3  
  87  8:21  Zealot, Protoss Ground Armor Level 1 (Chrono Boost)  
  95  8:38  Warp Prism  
  97  8:47  Sentry  
  97  8:48  Stalker  
  101  9:00  Pylon  
  101  9:05  Pylon  
  97  9:17  Nexus  
  59  9:53  Zealot  
  59  9:54  Zealot x3  
  67  10:15  Adept x2  
  67  10:16  Adept  
  58  10:37  Probe  
  59  10:47  Probe  
  60  11:11  Nexus  
  60  11:12  Pylon  
  60  11:13  Pylon  
Show
View Real Time Build Order
Export as new Build Order

A.I. 1 (Elite) Terran 

Build Orders: MMM Bio 

Get SALT Encoding   

  12  0:00  SCV  
  13  0:13  SCV  
  14  0:18  Supply Depot  
  14  0:25  SCV  
  15  0:30  Refinery  
  15  0:40  SCV  
  16  0:47  Barracks  
  16  0:52  SCV  
  17  1:04  SCV  
  18  1:16  SCV  
  19  1:34  Marine  
  19  1:36  Factory  
  19  1:38  Supply Depot, Orbital Command  
  20  1:52  Barracks  
  20  1:53  Marine  
  21  2:03  SCV  
  21  2:07  Refinery  
  22  2:11  Marine  
  23  2:16  SCV  
  23  2:21  Supply Depot  
  24  2:23  Factory Tech Lab  
  24  2:28  SCV  
  24  2:29  Marine  
  26  2:39  Marine  
  26  2:43  Siege Tank  
  30  2:46  SCV  
  30  2:48  Marine  
  32  2:56  Marine  
  33  3:00  SCV, Supply Depot  
  34  3:06  Marine  
  35  3:14  Marine  
  35  3:15  Siege Tank  
  39  3:22  SCV  
  39  3:24  Marine  
  41  3:32  Marine, Supply Depot  
  42  3:40  Starport  
  42  3:43  Barracks Tech Lab  
  42  3:51  Barracks Tech Lab  
  42  3:52  SCV  
  43  4:02  Stimpack  
  43  4:09  SCV  
  44  4:16  Supply Depot  
  44  4:17  Medivac  
  46  4:35  Combat Shields  
  46  4:40  Marauder  
  46  4:45  Marauder  
  50  4:47  Medivac  
  50  4:50  Engineering Bay  
  52  4:59  Engineering Bay  
  52  5:00  Command Center  
  52  5:01  Marine  
  52  5:06  Marauder  
  55  5:16  Terran Infantry Weapons Level 1  
  55  5:19  Marauder  
  57  5:24  Supply Depot  
  57  5:27  Marauder  
  59  5:40  Terran Infantry Armor Level 1  
  59  5:41  Marauder  
  61  5:49  Marauder  
  63  5:50  Barracks  
  63  6:02  Marauder, Supply Depot  
  65  6:09  Marine  
  66  6:12  SCV x2  
  68  6:24  SCV  
  68  6:25  SCV  
  70  6:36  SCV  
  70  6:37  SCV  
  71  6:47  Concussive Shells, Siege Tank, Marauder, Barracks Reactor, Marine  
  71  6:48  SCV  
  71  6:49  SCV  
  79  7:00  SCV  
  80  7:05  Marauder  
  82  7:14  Command Center  
  82  7:15  SCV  
  83  7:17  SCV  
  84  7:23  Supply Depot  
  84  7:27  SCV  
  84  7:29  SCV  
  86  7:33  Siege Tank  
  89  7:39  SCV  
  89  7:41  SCV  
  91  7:46  Armory  
  91  7:54  Supply Depot  
  91  7:57  Orbital Command  
  91  8:03  Missile Turret  
  91  8:07  Missile Turret  
  91  8:14  Barracks, Starport Reactor, Marine  
  91  8:16  Marine  
  93  8:27  SCV  
  93  8:28  Refinery  
  93  8:29  SCV  
  93  8:31  SCV  
  93  8:32  Marauder  
  98  8:36  Terran Infantry Weapons Level 2  
  98  8:39  SCV  
  98  8:41  SCV, Refinery  
  99  8:43  SCV  
  101  8:51  SCV  
  101  8:52  Missile Turret  
  101  8:53  SCV  
  103  8:55  SCV  
  103  9:02  Marauder  
  106  9:03  SCV  
  106  9:05  SCV  
  106  9:07  Missile Turret  
  106  9:08  SCV  
  109  9:15  Missile Turret, Marauder, SCV  
  111  9:17  SCV  
  111  9:19  Supply Depot  
  111  9:20  SCV  
  113  9:25  Marauder  
  113  9:27  SCV  
  110  9:34  SCV  
  102  9:40  Command Center  
  93  9:49  Marine  
  93  9:51  Marine  
  93  9:52  Marine  
  75  9:55  Marine  
  74  10:01  Marine  
  43  10:41  SCV  
  39  10:46  Starport Tech Lab  
  32  11:01  SCV  
Tags
 
Composition
MMM Bio
Matchup
PvT
Spawn Locations
Cross Positions
Add a new tag
Caveats
  • Supply blocks, unpowered buildings, or Contaminate may cause inaccurate times.
  • Supply counts are checked every 10 seconds.